 Dungeon Crawl Stone Soup version 0.24.0-1-gfbc8707 (webtiles) character file.

Game seed: 9644356862185498398, levelgen mode: deterministic

59172 BrocoLee the Severer (level 14, -2/127 HPs)
             Began as a Pale Draconian Berserker on Nov 4, 2019.
             Was a High Priest of Trog.
             Slain by a warg (13 damage)
             ... on level 11 of the Dungeon on Nov 5, 2019.
             The game lasted 00:50:14 (18053 turns).

BrocoLee the Severer (Pale Draconian Berserker)    Turns: 18053, Time: 00:50:14

Health: -2/127     AC: 14    Str: 22    XL:     14   Next: 52%
Magic:  18/18      EV: 20    Int:  9    God:    Trog [*****.]
Gold:   1440       SH:  0    Dex: 15    Spells: 13/13 levels left

rFire    . . .     SeeInvis .   a - +2 battleaxe (elec)
rCold    + . .     Gourm    .   (shield currently unavailable)
rNeg     . . .     Faith    .   (armour unavailable)
rPois    +         Spirit   .   (helmet restricted)
rElec    .         Reflect  .   K - +1 cloak {rPois}
rCorr    .         Harm     .   l - +2 pair of gloves {Str+3}
MR       +++..                  q - +0 pair of boots {Stlth+}
Stlth    +++.......             (no amulet)
HPRegen  1.31/turn              E - ring of protection from fire {rF+, !d}
MPRegen  0.16/turn              h - ring of Sovereignty {Ice Slay+6 Stlth+}

@: about to teleport, marked, regenerating
A: breathe steam, unfitting armour, cold-blooded, AC +8
a: Breathe Steam, Berserk, Trog's Hand, Brothers in Arms, Renounce Religion


You were on level 11 of the Dungeon.
You worshipped Trog.
Trog was extremely pleased with you.
You were hungry.

You visited 3 branches of the dungeon, and saw 18 of its levels.
You also visited: Ice Cave.

You collected 1670 gold pieces.
You spent 230 gold pieces at shops.

Inventory:

Hand Weapons
 a - a +2 battleaxe of electrocution (weapon)
   (You took it off Blork the orc on level 5 of the Dungeon)
 b - a +0 war axe of flaming
   (You took it off an orc on level 11 of the Dungeon)
 H - a +3 battleaxe of freezing
   (Trog gifted it to you on level 11 of the Dungeon)
Missiles
 d - 56 poisoned darts
 u - 13 atropa-tipped darts
 F - 3 curare-tipped darts (quivered)
 G - 10 javelins
 L - 2 silver javelins
Armour
 l - a +2 pair of gloves of strength (worn)
   (You found it on level 7 of the Dungeon)
 q - a +0 pair of boots of stealth (worn)
   (You found it on level 2 of the Lair of Beasts)
 K - a +1 cloak of poison resistance (worn)
   (You took it off Crazy Yiuf on level 7 of the Dungeon)
Jewellery
 h - the ring of Sovereignty (right hand) {Ice Slay+6 Stlth+}
   (You found it on level 4 of the Lair of Beasts)

   [ring of ice]

   It enhances your ice magic.
   It affects your accuracy and damage with ranged weapons and melee attacks
   (+6).
   It makes you vulnerable to fire.
   It protects you from cold.
   It makes you more stealthy.
 o - an uncursed ring of magical power {MP+9}
   (You found it on level 8 of the Dungeon)
 E - a ring of protection from fire (left hand) {rF+, !d}
   (You took it off an orc on level 6 of the Dungeon)
 N - an uncursed ring of protection from fire {rF+, !d}
   (You found it on level 9 of the Dungeon)
Wands
 e - a wand of digging (9)
   (You found it on level 7 of the Dungeon)
 j - a wand of random effects (27)
   (You found it on level 4 of the Dungeon)
 m - a wand of flame (38)
   (You found it on level 4 of the Dungeon)
 r - a wand of iceblast (58)
   (You found it on level 4 of the Dungeon)
 B - a wand of paralysis (23)
   (You took it off an orc on level 6 of the Dungeon)
 O - a wand of disintegration (8)
   (You found it on level 9 of the Dungeon)
 T - a wand of scattershot (6)
   (You found it on level 10 of the Dungeon)
 Z - a wand of acid (8)
   (You found it on level 4 of the Lair of Beasts)
Scrolls
 g - 3 scrolls of identify
 i - 4 scrolls of enchant weapon
 k - 5 scrolls of magic mapping {!r}
 s - 7 scrolls of remove curse
 v - 3 scrolls of teleportation
 y - 3 scrolls of fog
 Y - 2 scrolls of summoning
Potions
 f - a potion of agility
 p - 4 potions of might
 t - 3 potions of resistance
 z - 2 potions of lignification {!q}
 A - 2 potions of berserk rage {!q}
 D - 3 potions of haste
 I - 3 potions of invisibility
 J - 3 potions of mutation {!q}
 P - 2 potions of cancellation
 Q - 2 potions of curing
 S - a potion of ambrosia
Miscellaneous
 R - a phial of floods
   (You found it on level 9 of the Dungeon)
 X - a lamp of fire (inert)
   (You found it on level 11 of the Dungeon)
Comestibles
 n - 26 rations


   Skills:
 + Level 12.9 Fighting
 * Level 15.9 Axes
 + Level 9.5 Throwing
 + Level 11.0 Dodging
 - Level 6.0 Evocations


You had 13 spell levels left.
You didn't know any spells.
Your spell library contained the following spells:

 Spells                   Type           Power        Failure   Level  Hunger
 Sublimation of Blood     Necr           #.........   52%         2    ###....
 Ignite Poison            Fire/Tmut/Pois #.......     77%         3    ####...
 Petrify                  Tmut/Erth      #.......     99%         4    #####..
 Alistair's Intoxication  Tmut/Pois      #.......     100%        5    ######.
 Irradiate                Conj/Tmut      #.........   100%        5    ######.
 Haunt                    Necr/Summ      #.........   100%        7    #######
 Borgnjor's Revivificati  Necr           #.........   100%        8    #######
 Death's Door             Chrm/Necr      #.........   100%        8    #######
 Infestation              Necr           #.........   100%        8    #######
 Necromutation            Tmut/Necr      #.........   100%        8    #######


Dungeon Overview and Level Annotations

Branches:
Dungeon (11/15)            Temple (0/1) D:4            Lair (6/6) D:8
 Shoals (0/4) Lair:2        Snake (0/4) Lair:3        Slime (0/5) Lair:6
    Orc (1/2) D:11          IceCv (visited)

Altars:
Ashenzari
Dithmenos
Fedhas
Gozag
Hepliaklqana
Kikubaaqudgha
Nemelex Xobeh
Sif Muna
Trog
Vehumet

Shops:
D:7 *   D:8 *}

Annotations:
D:3 Natasha
D:9 1 runed translucent door, Angani's ghost, novice DrSu
Lair:2 exclusion: 3 oklob plants
Lair:3 exclusion: oklob plant


Innate Abilities, Weirdness & Mutations

You can breathe blasts of scalding, opaque steam.
Your pale cyan-grey scales are hard. (AC +8)
You cannot fit into any form of body armour.
You are cold-blooded and may be slowed by cold attacks.


Message History

Trog accepts your kill.
You slash the orc warrior! You hit the orc warrior.
The orc knight roars a battlecry!
The orc goes into a battle-frenzy!
The orc warrior hits you with a +0 flail!!
A warg comes into view.
The orc warrior misses you.
You take 17 damage, and have 49/127 hp.
Unknown command.
You barely miss the orc warrior. You tail-slap the orc warrior!
You kill the orc warrior!
Trog accepts your kill.
You slice the orc warrior!!
You kill the orc warrior!
Trog accepts your kill.
An orc warrior comes into view. It is wielding a +0 halberd.
The gnoll completely misses you. The orc knight misses you.
An orc knight comes into view. It is wielding a +0 broad axe.
The orc knight roars a battlecry!
The orc knight goes into a battle-frenzy!
The gnoll hits you from afar with a +0 spear.
An orc priest comes into view. It is wielding a +0 mace.
The orc knight roars a battlecry!
The orc priest goes into a battle-frenzy!
The gnoll sergeant misses you. The gnoll completely misses you.
The orc knight misses you. The orc knight completely misses you.
Items here: ( ) †† a +0 giant club; 4 boomerangs; a gnoll corpse; an orc corpse You slash the orc knight!
Your tail-slap misses the orc knight.
You slice the gnoll!!
You kill the gnoll!
Trog accepts your kill.
You barely miss the orc warrior. You hit the orc knight.
You barely miss the gnoll sergeant.
A warg comes into view.
The gnoll misses you.
The orc knight roars a battlecry!
The gnoll sergeant barely misses you. The orc warrior closely misses you.
The orc knight barely misses you.
You slash the orc knight!
Lightning courses through the orc knight!
Your tail-slap misses the orc knight.
The gnoll sergeant blocks your attack.
You slice the orc knight!! You slice the orc warrior!!
Lightning courses through the orc warrior!
You kill the orc warrior!
Trog accepts your kill.
You slice the gnoll!!
You kill the gnoll!
Trog accepts your kill. The gnoll misses you.
The orc knight hits you with a +3 great sword!!!
* * * LOW HITPOINT WARNING * * *
The gnoll sergeant hits you but does no damage.
An orc comes into view.
It is wearing a +2 leather armour of cold resistance.
You take 40 damage, and have 11/127 hp.
MASSIVE DAMAGE!!
As you read the scroll of fear, it crumbles to dust.
You assume a fearsome visage.
The warg looks frightened! x2
The orc knight looks frightened! x3; The orc warrior looks frightened!
The orc knight looks frightened!
The orc warrior looks frightened!
The gnoll sergeant looks frightened!
The gnoll looks frightened! x2
The orc warrior looks frightened!
The orc looks frightened! x2
The orc knight looks frightened!
The orc priest looks frightened!
An orc knight comes into view. It is wielding a +0 great sword.
A warg comes into view.
Unknown command.
Unknown command.
Unknown command.
A warg comes into view.
The orc knight supplicates, "Please don't kill me!"
The orc warrior howls in fear.
Items here: )) [[ †† a +0 scimitar; a +0 plate armour; a +0 flail; a +0 plate armour; an orc corpse x2
You regained 2 hp, and now have 14/127 hp.
A warg and an orc come into view.
An orc wizard comes into view. It is wielding a +0 dagger.
An orc priest comes into view. It is wielding a +0 hand axe.
The warg bites you but does no damage.
The orc knight supplicates abjectly, "Please don't kill me!"
The warg misses you.
There is a staircase back to the Dungeon here.
The orc warrior no longer looks unusually strong.
The warg barely misses you. The warg bites you but does no damage.
The warg bites you!
* * * LOW HITPOINT WARNING * * *
You climb upwards.
Welcome back to the Dungeon!
There is a staircase to the Orcish Mines here.
You take 8 damage, and have 9/127 hp.
Unknown command.
Unknown command.
As you read the scroll of fear, it crumbles to dust.
You assume a fearsome visage.
The warg easily resists.
The warg looks frightened!
The warg barely misses you. The warg completely misses you.
Unknown command.
Unknown command.
As you read the scroll of teleportation, it crumbles to dust.
You feel strangely unstable. The warg bites you!
You die...

........#(###..#...#..##.#.....#.
.....####..........).....#.....#.
.....'...(........###....#.....#.
..####....#.......#.#..#.#.....#.
..#...............#.#....#.#####.
..#.#.#'#.......#'#.##...#.'.....
###...'.#.#.....#....#...#.#.##..
......#.#.#......h...#.#.#'#.##..
[#..#.#.#.......@#####...........
......#.####..............#......
###...#....'..........#'#.#..##..
# #...#....#.h........#.#..).##..
# #...######..........#.#..).....
##...........########.#.[.#'###
#.#.....##..#.....##.#...#.##.
#.......##..#.....##.+...#.##.
#.......##..####..##.#...#.##.


You could see 2 wargs.

Vanquished Creatures
  Gastronok (D:10)
  A frost giant (IceCv)
  3 dire elephants (Lair:6)
  An anaconda (Lair:6)
  Harold (D:7)
  7 hydras
  A centaur warrior (D:9)
  6 death yaks
  An alligator (Lair:5)
  2 swamp dragons
  2 wizards
  4 lindwurms (Lair:4)
  2 manticores
  4 elephants (Lair:6)
  A centaur zombie (D:11)
  Psyche (D:9)
  3 black mambas (Lair:2)
  An ice statue (IceCv)
  A guardian serpent (D:9)
  A gargoyle (D:11)
  8 spiny frogs
  3 komodo dragons
  4 rime drakes (Lair:4)
  14 polar bears
  2 trolls
  10 hippogriffs
  8 blink frogs
  Prince Ribbit (D:9)
  2 slime creatures
  A hornet (D:11)
  A snapping turtle (Lair:2)
  5 dream sheep (Lair:6)
  5 basilisks
  7 wyverns
  Eustachio (D:4)
  42 yaks
  5 nagas (Lair:3)
  3 wargs
  Menkaure (D:7)
  2 swamp worms (Lair:5)
  12 water moccasins
  7 porcupines
  4 ice beasts
  3 sky beasts
  6 orc warriors
  8 ogres
  A phantom (D:7)
  23 wolves
  5 centaurs
  12 crocodiles
  2 big kobolds
  14 bullfrogs
  Blork the orc (D:5)
  3 scorpions
  7 killer bees (D:8)
  An electric eel (Lair:6)
  A wight (D:11)
  4 crimson imps
  2 bullfrog zombies
  6 jellies
  9 orc priests
  A bullfrog skeleton (D:4)
  6 hounds
  Crazy Yiuf (D:7)
  7 orc wizards
  4 centaur skeletons
  Natasha (twice) (D:3)
  4 iguanas
  7 worker ants
  A hound zombie (D:9)
  A worker ant zombie (D:8)
  15 adders
  7 gnolls
  2 shadow imps
  12 white imps (Lair:6)
  7 oozes
  4 adder skeletons
  2 worms (D:2)
  2 dart slugs (D:2)
  6 leopard geckos
  37 orcs
  A ball python (D:3)
  4 giant cockroaches
  3 goblins
  7 hobgoblins
  4 jackals (D:3)
  5 quokkas
  8 bats
  6 frilled lizards
  17 kobolds
  2 quokka skeletons
  4 rats
  5 fungi
  3 plants (Lair:6)
497 creatures vanquished.

Vanquished Creatures (collateral kills)
  Rupert (Lair:4)
  Fannar (D:10)
  A black mamba (Lair:2)
  2 polar bears (IceCv)
  A yak (IceCv)
  A warg (D:8)
  A porcupine (Lair:4)
  A necrophage (D:8)
  2 orc wizards (D:8)
  2 orcs (D:8)
13 creatures vanquished.

Vanquished Creatures (others)
  4 fungi (Lair:6)
  2 plants (Lair:6)
6 creatures vanquished.

Grand Total: 516 creatures vanquished

Notes
Turn   | Place    | Note
-------+----------+-------------------------------------------
     0 | D:1      | BrocoLee the Draconian Berserker began the quest for the
                  | Orb.
     0 | D:1      | Reached XP level 1. HP: 19/19 MP: 1/1
   237 | D:1      | Reached XP level 2. HP: 26/26 MP: 2/2
   662 | D:2      | Reached XP level 3. HP: 31/31 MP: 3/3
   666 | D:2      | Reached ** piety under Trog
   710 | D:2      | Reached skill level 3 in Dodging
   766 | D:2      | Reached skill level 1 in Throwing
   824 | D:2      | Noticed an ogre
   831 | D:2      | Killed an ogre
   831 | D:2      | Reached skill level 4 in Fighting
   831 | D:2      | Reached skill level 4 in Axes
   831 | D:2      | Reached XP level 4. HP: 40/40 MP: 4/4
   832 | D:2      | Reached XP level 5. HP: 46/46 MP: 5/5
  1283 | D:3      | Found a blossoming altar of Fedhas.
  1294 | D:3      | Found an opulent altar of Gozag.
  1402 | D:3      | Noticed Natasha
  1416 | D:3      | Killed Natasha
  1439 | D:3      | Found a radiant altar of Vehumet.
  1439 | D:3      | Found a sparkling altar of Nemelex Xobeh.
  1501 | D:3      | Reached skill level 2 in Throwing
  1800 | D:3      | Noticed Natasha
  1808 | D:3      | Killed Natasha
  1808 | D:3      | Reached XP level 6. HP: 47/53 MP: 6/6
  1927 | D:4      | Reached skill level 5 in Axes
  1966 | D:3      | Noticed Natasha
  2361 | D:4      | HP: 13/55 [poisoned by a worker ant]
  2366 | D:4      | HP: 11/55 [poisoned by a worker ant]
  2371 | D:4      | HP: 10/55 [poisoned by a worker ant]
  2378 | D:4      | HP: 10/55 [poisoned by a worker ant]
  2386 | D:4      | HP: 9/55 [poisoned by a worker ant]
  2557 | D:4      | Reached skill level 4 in Dodging
  2557 | D:4      | Your scales start taking on a pale cyan-grey colour.
  2557 | D:4      | Reached XP level 7. HP: 41/60 MP: 7/7
  2562 | D:4      | Reached skill level 5 in Fighting
  2566 | D:4      | Reached *** piety under Trog
  2630 | D:4      | Found a staircase to the Ecumenical Temple.
  2669 | D:4      | Noticed Eustachio
  2690 | D:4      | Killed Eustachio
  2690 | D:4      | Reached skill level 6 in Axes
  2690 | D:4      | Reached skill level 3 in Throwing
  2920 | D:5      | Entered Level 5 of the Dungeon
  3181 | D:5      | Noticed Blork the orc
  3193 | D:5      | Killed Blork the orc
  3274 | D:5      | Found a shimmering blue altar of Sif Muna.
  3414 | D:5      | Reached XP level 8. HP: 70/70 MP: 8/8
  3711 | D:6      | Received a gift from Trog
  3922 | D:6      | Reached skill level 6 in Fighting
  3922 | D:6      | Reached skill level 7 in Axes
  4123 | D:6      | Reached skill level 4 in Throwing
  4133 | D:6      | Paralysed by an orc for 6 turns
  4152 | D:6      | Received a gift from Trog
  4152 | D:6      | Reached skill level 5 in Dodging
  4270 | D:6      | Found a shadowy altar of Dithmenos.
  4515 | D:7      | Noticed Harold
  4523 | D:7      | Killed Harold
  4523 | D:7      | Reached skill level 8 in Axes
  4523 | D:7      | Reached XP level 9. HP: 77/78 MP: 9/9
  4532 | D:7      | Reached skill level 7 in Fighting
  4535 | D:7      | Reached skill level 5 in Throwing
  4542 | D:7      | HP: 17/79 [yak (13)]
  4543 | D:7      | Reached skill level 9 in Axes
  4543 | D:7      | Reached skill level 6 in Dodging
  4878 | D:7      | Noticed Menkaure
  4888 | D:7      | Found Soixaic's Assorted Antiques.
  4896 | D:7      | Killed Menkaure
  4950 | D:7      | Bought a scroll labeled LIZEAQIORY for 18 gold pieces
  4950 | D:7      | Bought a scroll of identify for 36 gold pieces
  5164 | D:7      | Found a runed translucent door.
  5165 | D:7      | Noticed Crazy Yiuf
  5174 | D:7      | Killed Crazy Yiuf
  5265 | D:7      | Found a hazy altar of Hepliaklqana.
  5307 | D:7      | Noticed a wizard
  5321 | D:7      | Killed a wizard
  5321 | D:7      | Reached XP level 10. HP: 88/88 MP: 10/10
  5585 | D:8      | Reached skill level 8 in Fighting
  5691 | D:8      | Reached **** piety under Trog
  5852 | D:8      | Found Peenaquff's Gadget Boutique.
  5914 | D:8      | Found Semol's Assorted Antiques.
  5924 | D:8      | Reached skill level 10 in Axes
  5924 | D:8      | Reached skill level 6 in Throwing
  5930 | D:8      | Bought a scroll labeled YNTUUZ CIQUI for 16 gold pieces
  5930 | D:8      | Bought an encrusted ivory ring for 80 gold pieces
  5930 | D:8      | Bought a knobbly steel ring for 80 gold pieces
  6028 | D:8      | Reached skill level 1 in Evocations
  6094 | D:8      | Found a staircase to the Lair.
  6116 | Lair:1   | Entered Level 1 of the Lair of Beasts
  6252 | D:9      | Found an ancient bone altar of Kikubaaqudgha.
  6259 | D:9      | Reached skill level 2 in Evocations
  6264 | D:9      | Reached skill level 7 in Dodging
  6371 | D:9      | Noticed Psyche
  6387 | D:9      | Reached skill level 3 in Evocations
  6389 | D:9      | Found a bloodstained altar of Trog.
  6517 | D:9      | Killed Psyche
  6611 | D:9      | Received a gift from Trog
  6655 | D:9      | Reached ***** piety under Trog
  6659 | D:9      | Reached skill level 11 in Axes
  6661 | D:9      | Reached skill level 9 in Fighting
  6710 | D:9      | Found a shattered altar of Ashenzari.
  6711 | D:9      | Noticed Prince Ribbit
  6717 | D:9      | Killed Prince Ribbit
  6959 | D:9      | Found a runed translucent door.
  6964 | D:9      | Noticed Angani's ghost (novice DrSu)
  6970 | D:9      | Noticed a guardian serpent
  6979 | D:9      | Killed a guardian serpent
  6979 | D:9      | Reached XP level 11. HP: 97/97 MP: 13/13
  7111 | D:9      | Noticed a centaur warrior
  7114 | D:9      | Noticed a wizard
  7128 | D:9      | Killed a wizard
  7128 | D:9      | Reached skill level 4 in Evocations
  7141 | D:9      | Killed a centaur warrior
  7481 | D:10     | Entered Level 10 of the Dungeon
  7527 | D:10     | Noticed Fannar
  7536 | D:10     | Killed Fannar
  7673 | D:10     | Noticed Gastronok
  7693 | D:10     | Killed Gastronok
  7693 | D:10     | Reached skill level 12 in Axes
  7693 | D:10     | Reached skill level 8 in Dodging
  7693 | D:10     | Reached skill level 5 in Evocations
  7925 | D:11     | Received a gift from Trog
  8373 | D:11     | Reached skill level 10 in Fighting
  8406 | D:11     | Found a staircase to the Orcish Mines.
  8747 | D:11     | Noticed an eight-headed hydra
  8762 | D:11     | Killed a four-headed hydra
  9045 | D:11     | Reached skill level 6 in Evocations
  9101 | D:11     | Reached XP level 12. HP: 97/106 MP: 16/16
  9217 | D:11     | Received a gift from Trog
 10057 | Lair:2   | Reached skill level 13 in Axes
 10092 | Lair:2   | Noticed a five-headed hydra
 10095 | Lair:2   | Noticed a seven-headed hydra
 10105 | Lair:2   | Killed a one-headed hydra
 10105 | Lair:2   | Reached skill level 9 in Dodging
 10109 | Lair:2   | Killed a one-headed hydra
 10114 | Lair:2   | Found a transporter.
 10349 | Lair:2   | Found a transporter.
 10471 | Lair:2   | Found a staircase to the Shoals.
 10480 | Lair:2   | Reached skill level 7 in Throwing
 10917 | Lair:2   | Reached skill level 11 in Fighting
 10922 | Lair:2   | HP: 15/110 [spiny frog (25)]
 10932 | Lair:2   | HP: 14/110 [black mamba (5)]
 10937 | Lair:2   | HP: 9/110 [spiny frog (7)]
 11544 | Lair:3   | Found a staircase to the Snake Pit.
 11888 | Lair:3   | Got a bloodstained glaive
 12165 | Lair:4   | Noticed Rupert
 12175 | Lair:4   | Killed Rupert
 12175 | Lair:4   | Reached skill level 14 in Axes
 12175 | Lair:4   | Reached XP level 13. HP: 100/116 MP: 17/17
 12840 | Lair:4   | Reached skill level 8 in Throwing
 13354 | Lair:4   | Reached skill level 10 in Dodging
 13460 | Lair:4   | Got a fine pewter ring
 13477 | Lair:4   | Identified the ring of Sovereignty {Ice Slay+6 Stlth+} (You
                  | found it on level 4 of the Lair of Beasts)
 13743 | Lair:5   | BrocoLee: ??pale draconian
 13743 | Lair:5   | meem: pale draconian[1/1]: A form of draconian that is able
                  | to breathe steam. Player character gets +1 aptitude in Air
                  | and Fire magic, +1 aptitude in evocations, and steam
                  | resistance.
 14121 | Lair:5   | BrocoLee: ??draconian
 14121 | Lair:5   | meem: draconian[1/4]: As a player draconian, you are given
                  | a random colour you didn't want upon reaching level 7,
                  | usually granting a breath attack and a resistance, and
                  | changing your aptitudes. See "?? draconian" for details --
                  | red, white, green, yellow, grey, black, purple, pale. Enemy
                  | draconians are bad news and found mostly in Zot.
 14918 | Lair:6   | Entered Level 6 of the Lair of Beasts
 14925 | Lair:6   | Reached skill level 12 in Fighting
 14962 | Lair:6   | Found a frozen archway.
 14973 | Lair:6   | Received a gift from Trog
 14991 | IceCv    | Entered an ice cave
 15350 | IceCv    | Reached skill level 15 in Axes
 15538 | IceCv    | Received a gift from Trog
 15789 | IceCv    | Noticed a frost giant
 15805 | IceCv    | Reached XP level 14. HP: 115/127 MP: 18/18
 15871 | IceCv    | Killed a frost giant
 15871 | IceCv    | Reached skill level 9 in Throwing
 16748 | Lair:6   | Found a staircase to the Slime Pits.
 17147 | Lair:6   | Received a gift from Trog
 17428 | Lair:6   | HP: 4/127 [dire elephant (38)]
 17430 | Lair:6   | Reached skill level 11 in Dodging
 18021 | Orc:1    | Entered Level 1 of the Orcish Mines
 18044 | Orc:1    | HP: 11/127 [orc knight/+3 great sword (41)]
 18050 | Orc:1    | HP: 7/127 [warg (12)]
 18053 | D:11     | Slain by a warg

Levels and vault maps discovered:
D:1:      dpeg_arrival_arbitrary_c, layout_basic, minmay_tetromino_s4
D:2:      layout_basic
D:3:      layout_loops_ring, nicolae_gozag_cash_rules_everything_around_me,
          overflow_temple_1_default, gammafunk_temple_overflow_elements,
          first_ration, chequers_serial_rivers_micro_c, uniq_natasha
D:4:      layout_cave_pools, minmay_temple_entry_drinking_statues,
          uniq_eustachio
D:5:      layout_gridville, nicolae_overflow_hidden_temple, uniq_blork_the_orc
D:6:      layout_gridville, marbit_many_paths
D:7:      cheibrodos_wizards_tower, layout_loops_ring, lemuel_round_altar,
          serial_shops, nicolae_shop_overgrown_old_shop, uniq_harold,
          uniq_menkaure, uniq_crazy_yiuf_cottage
D:8:      layout_basic, erik_lair_orcish_takeover, serial_shops, shop, shop
D:9:      minmay_the_grid_triangle_9x9_rhombus_thin
          [minmay_the_grid_triangle_9x9_sprig,
          minmay_the_grid_triangle_9x9_prize_top_heavy,
          minmay_the_grid_triangle_9x9_thin_v,
          minmay_the_grid_triangle_9x9_semitri], layout_rooms,
          ashenzari_altar_1, kennysheep_mini_moat, basic_altar,
          ebering_ghost_reflecting_pool, hangedman_little_slice_of_home,
          nrook_guardian_serpent_ordinary, uniq_psyche, uniq_prince_ribbit1
D:10:     layout_cave_pools, uniq_fannar, uniq_gastronok
D:11:     layout_stronghold, orc_0_dummy, minmay_fractal_squares_diagonal_5
Lair:1:   layout_chaotic_city
Lair:2:   gammafunk_cloud_chamber, layout_chaotic_city, minmay_shoals_entry_hut,
          minmay_lair_oklob_chamber, infiniplex_staircase_pool_2
Lair:3:   layout_chaotic_city, minmay_snake_entry_guardpost_large
Lair:4:   layout_hall_layers, special_room [special_room_mythical_zoo],
          minmay_lindwurm_lava, uniq_rupert
Lair:5:   onia_ninara_swampy_vault, layout_gridlike, serial_bayou_pond_c,
          chequers_serial_rivers_small_b
Lair:6:   due_jungle_book, layout_cave_pods, dpeg_slime_entry_corner,
          portal_ice_cave_entry_imps, nicolae_quartered_pool_little
Orc:1:    cheibrodos_orc_guarddog, layout_caves, special_room [special_room_orc]

Skill      XL: |  1  2  3  4  5  6  7  8  9 10 11 12 13 14 |
---------------+-------------------------------------------+-----
Dodging        | 3 4 5 6 7 8 9 10 11 | 11.0
Throwing       | 1 2 3 4 5 6 7 8 9 |  9.5
Fighting       | 4 5 6 7 9 10 11 12 | 12.9
Axes           | 4 5 6 8 9 11 12 14 15 | 15.9
Evocations     | 3 6 |  6.0

Action                   |  1- 3 |  4- 6 |  7- 9 | 10-12 | 13-15 || total
-------------------------+-------+-------+-------+-------+-------++-------
Melee: Hand axe          |    83 |   132 |    52 |       |       ||   267
       Tailslap          |     8 |    21 |    23 |    83 |    74 ||   209
       Battleaxe         |       |       |   112 |   517 |   351 ||   980
       War axe           |       |       |       |    15 |    15 ||    30
Throw: Dart              |       |     3 |    15 |    14 |    10 ||    42
       Throwing net      |       |       |     2 |     2 |       ||     4
       Javelin           |       |       |     5 |     8 |    60 ||    73
Invok: Berserk           |     1 |     2 |     2 |     2 |     1 ||     8
       Trog's Hand       |       |     1 |       |     2 |     3 ||     6
       Brothers in Arms  |       |       |       |     4 |     3 ||     7
 Abil: Breathe Steam     |       |       |     9 |     2 |    12 ||    23
Evoke: Wand              |       |       |     1 |     3 |       ||     4
       Phial of floods   |       |       |       |     1 |       ||     1
       Lamp of fire      |       |       |       |       |     1 ||     1
  Use: Scroll            |       |     9 |     9 |    12 |     9 ||    39
       Potion            |       |     1 |       |     3 |     4 ||     8
 Stab: Sleeping          |       |     1 |     3 |    19 |     2 ||    25
       Invisible         |       |       |     2 |     1 |       ||     3
       Held in net/web   |       |       |       |     1 |       ||     1
       Distracted        |       |       |       |       |     1 ||     1
  Eat: Chunk             |       |     8 |    11 |    25 |    19 ||    63
       Ration            |       |       |       |     1 |     1 ||     2
Armor: Skin              |    24 |    45 |    49 |   173 |   127 ||   418
Dodge: Dodged            |    60 |   110 |   132 |   425 |   363 ||  1090

Levels and vault maps discovered:
D:1:      dpeg_arrival_arbitrary_c, layout_basic, minmay_tetromino_s4
D:2:      layout_basic
D:3:      layout_loops_ring, nicolae_gozag_cash_rules_everything_around_me,
          overflow_temple_1_default, gammafunk_temple_overflow_elements,
          first_ration, chequers_serial_rivers_micro_c, uniq_natasha
D:4:      layout_cave_pools, minmay_temple_entry_drinking_statues,
          uniq_eustachio
D:5:      layout_gridville, nicolae_overflow_hidden_temple, uniq_blork_the_orc
D:6:      layout_gridville, marbit_many_paths
D:7:      cheibrodos_wizards_tower, layout_loops_ring, lemuel_round_altar,
          serial_shops, nicolae_shop_overgrown_old_shop, uniq_harold,
          uniq_menkaure, uniq_crazy_yiuf_cottage
D:8:      layout_basic, erik_lair_orcish_takeover, serial_shops, shop, shop
D:9:      minmay_the_grid_triangle_9x9_rhombus_thin
          [minmay_the_grid_triangle_9x9_sprig,
          minmay_the_grid_triangle_9x9_prize_top_heavy,
          minmay_the_grid_triangle_9x9_thin_v,
          minmay_the_grid_triangle_9x9_semitri], layout_rooms,
          ashenzari_altar_1, kennysheep_mini_moat, basic_altar,
          ebering_ghost_reflecting_pool, hangedman_little_slice_of_home,
          nrook_guardian_serpent_ordinary, uniq_psyche, uniq_prince_ribbit1
D:10:     layout_cave_pools, uniq_fannar, uniq_gastronok
D:11:     layout_stronghold, orc_0_dummy, minmay_fractal_squares_diagonal_5
Lair:1:   layout_chaotic_city
Lair:2:   gammafunk_cloud_chamber, layout_chaotic_city, minmay_shoals_entry_hut,
          minmay_lair_oklob_chamber, infiniplex_staircase_pool_2
Lair:3:   layout_chaotic_city, minmay_snake_entry_guardpost_large
Lair:4:   layout_hall_layers, special_room [special_room_mythical_zoo],
          minmay_lindwurm_lava, uniq_rupert
Lair:5:   onia_ninara_swampy_vault, layout_gridlike, serial_bayou_pond_c,
          chequers_serial_rivers_small_b
Lair:6:   due_jungle_book, layout_cave_pods, dpeg_slime_entry_corner,
          portal_ice_cave_entry_imps, nicolae_quartered_pool_little
Orc:1:    cheibrodos_orc_guarddog, layout_caves, special_room [special_room_orc]

Table legend:
 A = Turns spent in this place as a percentage of turns spent in the entire game.
 B = Non-inter-level travel turns spent in this place as a percentage of non-inter-level travel turns spent in the entire game.
 C = Inter-level travel turns spent in this place as a percentage of turns spent in this place.
 D = Turns resting spent in this place as a percentage of non-inter-level travel turns spent in this place.
 E = Turns spent auto-exploring this place as a percentage of non-inter-level travel turns spent in this place.
 F = Non-inter-level travel turns spent in this place divided by the number of levels of this place that you've seen.
                   A       B       C       D       E      F
               +-------+-------+-------+-------+-------+----------------------
         Total | 100.0 | 100.0 |   4.5 |  25.4 |  52.4 | 907.6
       Dungeon |  52.8 |  52.3 |   5.5 |  15.9 |  62.0 | 819.7
          Lair |  41.2 |  41.5 |   3.9 |  34.3 |  45.5 | 1191.8
  Orcish Mines |   0.2 |   0.2 |   0.0 |   0.0 |   0.0 |  30.0
      Ice Cave |   5.8 |   6.1 |   0.0 |  47.9 |  18.6 | 1047.0
               +-------+-------+-------+-------+-------+----------------------

Table legend:
 A = Kills in this place as a percentage of kills in entire the game.
 B = Kills by you in this place as a percentage of kills by you in the entire game.
 C = Kills by friends in this place as a percentage of kills by friends in the entire game.
 D = Other kills in this place as a percentage of other kills in the entire game.
 E = Experience gained in this place as a percentage of experience gained in the entire game.
 F = Experience gained in this place divided by the number of levels of this place that you have seen.
                   A       B       C       D       E      F
               +-------+-------+-------+-------+-------+----------------------
         Total | 100.0 | 100.0 | 100.0 |   N/A | 100.0 | 4449.1
       Dungeon |  55.8 |  55.8 |  53.8 |   N/A |  26.7 | 2053.8
          Lair |  31.1 |  31.3 |  23.1 |   N/A |  57.1 | 8038.8
  Orcish Mines |   3.0 |   3.1 |   0.0 |   N/A |   1.0 | 814.0
      Ice Cave |  10.2 |   9.8 |  23.1 |   N/A |  15.3 | 12893.0
               +-------+-------+-------+-------+-------+----------------------
